 Dungeon Crawl Stone Soup version 0.27-a0-287-gd4424db430 (webtiles) character file.

Game seed: 602438195036186796

4165 lunkers the Cleaver (level 10, -7/91 HPs)
             Began as a Hill Orc Fighter on Feb 8, 2021.
             Was a Priest of Qazlal.
             Mangled by a death yak (12 damage)
             ... on level 9 of the Dungeon.
             The game lasted 00:11:09 (9698 turns).

lunkers the Cleaver (Hill Orc Fighter)              Turns: 9698, Time: 00:11:09

Health: -7/91      AC: 15    Str: 23    XL:     10   Next: 28%
Magic:  12/12      EV:  6    Int:  8    God:    Qazlal [***...]
Gold:   471        SH:  9    Dex: 10    Spells: 9/9 levels left

rFire    . . .     SeeInvis .   A - +0 war axe (vorpal)
rCold    . . .     Faith    +   u - +0 buckler
rNeg     . . .     Spirit   .   h - +0 plate armour
rPois    +         Reflect  .   j - +2 helmet
rElec    .         Harm     .   (no cloak)
rCorr    .         Rampage  .   E - +0 pair of gloves
Will     .....                  (no boots)
Stlth    ..........             s - amulet of faith
HPRegen  0.25/turn              o - ring of poison resistance
MPRegen  0.13/turn              (no ring)

@: studying Earth Magic
A: no striking features
a: Renounce Religion, Upheaval, Elemental Force


You were on level 9 of the Dungeon.
You worshipped Qazlal.
Qazlal was most pleased with you.
You visited 2 branches of the dungeon, and saw 10 of its levels.

You collected 471 gold pieces.

Inventory:

Hand Weapons
 a - a +0 war axe
 y - a +0 hand axe of electrocution
 A - a +0 vorpal war axe (weapon)
Armour
 b - a +0 scale mail
 c - a +0 kite shield
 h - a +0 plate armour (worn)
 j - a +2 helmet (worn)
 u - a +0 buckler (worn)
 E - a +0 pair of gloves (worn)
Jewellery
 g - an uncursed amulet of magic regeneration
 o - a ring of poison resistance (left hand)
 s - an amulet of faith (around neck)
 v - an uncursed ring of wizardry
Wands
 G - a wand of paralysis (8)
Scrolls
 i - 2 scrolls of immolation
 k - 5 scrolls of teleportation
 l - 3 scrolls of fog
 m - a scroll of blinking {unknown}
 t - 3 scrolls of enchant armour
 x - 3 scrolls of remove curse
 B - 2 scrolls of amnesia {unknown}
 D - a scroll of magic mapping {unknown}
 F - a scroll of enchant weapon {unknown}
 H - a scroll of identify
Potions
 d - 2 potions of brilliance
 e - a potion of magic
 f - a potion of attraction {unknown}
 n - a potion of invisibility
 p - 4 potions of lignification
 q - a potion of mutation
 r - 2 potions of flight
 w - 4 potions of haste
 z - 2 potions of curing
 C - 3 potions of ambrosia


   Skills:
 + Level 9.5 Fighting
 * Level 13.2 Axes
 - Level 3.2 Armour
 + Level 8.0 Shields
 + Level 3.6 Invocations


You had 9 spell levels left.
You didn't know any spells.
Your spell library was empty.

Dungeon Overview and Level Annotations

Branches:
Dungeon (9/15)             Temple (1/1) D:5
   Lair: D:8-11         Orc: D:9-12

Altars:
Ashenzari
Cheibriados
Dithmenos
Elyvilon
Fedhas
Gozag
Hepliaklqana
Kikubaaqudgha
Makhleb
Nemelex Xobeh
Okawaru
Qazlal
Ru
Sif Muna
Trog
Uskayaw
Vehumet
Wu Jian
Xom
Yredelemnul
Zin
The Shining One


Message History

The death yak is severely wounded.
Your plate armour prevents you from hitting the death yak.
You block the death yak's attack. The death yak gores you.
* * * LOW HITPOINT WARNING * * *
Your plate armour prevents you from hitting the death yak.
The death yak is severely wounded.
You barely miss the death yak. The death yak gores you!
* * * LOW HITPOINT WARNING * * *
The death yak completely misses you.
You hit the death yak but do no damage.
The death yak is severely wounded.
You hit the death yak but do no damage. The death yak gores you!
* * * LOW HITPOINT WARNING * * *
The death yak barely misses you.
You slash the death yak!
The death yak is almost dead.
You hit the death yak.
Unknown command.
The death yak gores you!
You die...

. .. ... ....
.##..##
......†##+######
......†Y@......#
......##Y......#
..... +.......#
.... #.......#
... #.......# ..
#.......# .
#.......#
#.......#
#.......#


You could see 2 death yaks.

Vanquished Creatures
  A death yak (D:9)
  An ugly thing (D:7)
  Sigmund (D:2)
  2 black bears (D:8)
  A sky beast (D:6)
  2 orc warriors
  5 centaurs
  2 phantoms
  3 bullfrogs
  A water moccasin skeleton (D:8)
  6 killer bees (D:7)
  2 scorpions
  3 howler monkeys (D:7)
  7 hounds
  5 orc priests
  2 bullfrog skeletons
  A gnoll shaman (D:4)
  2 jellies
  4 iguanas
  6 orc wizards
  5 worker ants
  2 hound skeletons
  A worker ant zombie (D:7)
  8 adders
  8 gnolls
  3 river rats (D:9)
  A shadow imp (D:7)
  3 white imps
  2 oozes
  A worm (D:2)
  2 dart slugs
  3 leopard geckos
  28 orcs
  2 ball pythons (D:2)
  6 bats
  6 giant cockroaches
  7 goblins
  5 hobgoblins
  10 jackals
  4 quokkas
  4 frilled lizards
  5 kobolds
  A leopard gecko skeleton (D:5)
  2 leopard gecko zombies (D:5)
  11 rats
187 creatures vanquished.

Vanquished Creatures (others)
  14 withered plants (D:7)
14 creatures vanquished.

Grand Total: 201 creatures vanquished

Notes
Turn   | Place    | Note
-------+----------+-------------------------------------------
     0 | D:1      | lunkers the Hill Orc Fighter began the quest for the Orb.
     0 | D:1      | Reached XP level 1. HP: 19/19 MP: 1/1
    66 | D:1      | Reached skill level 3 in Axes
   115 | D:1      | Reached XP level 2. HP: 26/27 MP: 2/2
   575 | D:1      | Reached XP level 3. HP: 32/33 MP: 3/3
  1026 | D:2      | Reached skill level 4 in Axes
  1326 | D:2      | Noticed Sigmund
  1344 | D:2      | Killed Sigmund
  1345 | D:2      | Reached skill level 5 in Axes
  1345 | D:2      | Reached XP level 4. HP: 22/41 MP: 4/4
  1345 | D:2      | Reached XP level 5. HP: 25/47 MP: 5/5
  1782 | D:2      | Found a sacrificial altar of Ru.
  1815 | D:3      | Reached XP level 6. HP: 55/55 MP: 6/6
  2024 | D:3      | Reached skill level 6 in Axes
  2092 | D:3      | Reached skill level 5 in Fighting
  2858 | D:4      | Reached skill level 7 in Axes
  2858 | D:4      | Reached skill level 5 in Shields
  2858 | D:4      | Reached XP level 7. HP: 32/61 MP: 7/7
  3622 | D:4      | Reached skill level 8 in Axes
  3827 | D:5      | Entered Level 5 of the Dungeon
  3894 | D:5      | Found a staircase to the Ecumenical Temple.
  3914 | Temple   | Entered the Ecumenical Temple
  4115 | Temple   | Became a worshipper of Qazlal Stormbringer
  4240 | D:5      | Reached skill level 9 in Axes
  4240 | D:5      | Reached XP level 8. HP: 61/71 MP: 8/8
  5076 | D:5      | Found a burning altar of Makhleb.
  5761 | D:5      | Reached skill level 10 in Axes
  6192 | D:6      | Reached * piety under Qazlal
  6443 | D:6      | Reached XP level 9. HP: 47/80 MP: 9/9
  7239 | D:7      | Noticed a green ugly thing
  7248 | D:7      | Reached skill level 11 in Axes
  7260 | D:7      | Killed a green ugly thing
  7780 | D:7      | Found an ancient bone altar of Kikubaaqudgha.
  7833 | D:7      | Reached skill level 12 in Axes
  7866 | D:7      | Reached ** piety under Qazlal
  8263 | D:7      | Found an ornate altar of the Wu Jian Council.
  8470 | D:8      | Reached skill level 1 in Invocations
  9206 | D:8      | Reached XP level 10. HP: 82/91 MP: 11/11
  9427 | D:8      | Found a shimmering blue altar of Sif Muna.
  9451 | D:8      | Found a blossoming altar of Fedhas.
  9669 | D:9      | Noticed a death yak
  9672 | D:9      | Noticed a death yak
  9673 | D:9      | Noticed a death yak
  9675 | D:9      | Reached *** piety under Qazlal
  9685 | D:9      | Killed a death yak
  9686 | D:9      | Reached skill level 13 in Axes
  9696 | D:9      | HP: 4/91 [death yak (15)]
  9698 | D:9      | Mangled by a death yak

Illustrated notes

Levels and vault maps discovered:
D:1:      evilmike_arrival_hilbert_curve, layout_loops_ring
D:2:      layout_loops_ring, nicolae_ru_path_of_blood, uniq_sigmund
D:3:      layout_basic
D:4:      layout_rooms
D:5:      layout_layer_cave, bloody_makhleb, minmay_temple_entry_mist
D:6:      layout_layer_cave, minmay_large_rounded_square
D:7:      layout_basic, pdpol_wu_jian_five_deadly_venoms,
          kiku_gazebo_garden_becter, minmay_manual_mail
D:8:      layout_loops_corners, nicolae_overflow_crystal_walls,
          kennysheep_little_box, patterned_corridor
D:9:      layout_roguey, dpeg_lair_monsters, serial_shops, shop, uniq_maggie,
          uniq_maurice, uniq_gastronok, uniq_joseph
Temple:   minmay_crystal_spiral_temple

Skill      XL: |  1  2  3  4  5  6  7  8  9 10 |
---------------+-------------------------------+-----
Axes           | 3 5 7 9 10 12 13 | 13.2
Fighting       | 4 5 6 7 9 |  9.5
Shields        | 4 5 6 7 8 |  8.0
Invocations    | 2 3 |  3.6
Armour         | |  3.2

Action                   |  1- 3 |  4- 6 |  7- 9 | 10-12 || total
-------------------------+-------+-------+-------+-------++-------
Melee: War axe           |   104 |    68 |   300 |    39 ||   511
       Hand axe          |       |       |    49 |       ||    49
  Use: Potion            |     1 |       |       |       ||     1
       Scroll            |       |       |    16 |     1 ||    17
Armor: Scale mail        |    55 |    42 |    90 |       ||   187
       Plate armour      |       |       |    87 |     8 ||    95
Dodge: Dodged            |    42 |    25 |   129 |     9 ||   205
Block: Kite shield       |    60 |    50 |       |       ||   110
       Buckler           |       |       |    86 |    17 ||   103

Table legend: (Time is in decaauts)
 A = Elapsed time spent in this place.
 B = Non-inter-level travel time spent in this place.
 C = Inter-level travel time spent in this place.
 D = Time resting spent in this place.
 E = Time spent auto-exploring this place.
 F = Levels seen in this place.
 G = Mean time per level.
                   A        B        C        D        E       F      G
               +--------+--------+--------+--------+--------+-----+--------+
         Total |   9763 |   9328 |    435 |    210 |   7851 |  10 |  976.3 |
       Dungeon |   9497 |   9151 |    346 |    210 |   7718 |   9 | 1055.2 |
        Temple |    266 |    177 |     89 |      0 |    133 |   1 |  266.0 |
               +--------+--------+--------+--------+--------+-----+--------+

Top non-repeatable levels by time:
     D:5: 1714 daAuts
     D:8: 1344 daAuts
     D:6: 1335 daAuts
     D:7: 1142 daAuts
     D:1: 1035 daAuts
     D:3: 1031 daAuts
     D:4: 1011 daAuts
     D:2: 837 daAuts
  Temple: 266 daAuts
     D:9: 44 daAuts
